Match 25892222
Unlisted

Match 25892222
End
Panzergrenadier Squad
Kradschützen Motorcycle Team
250 Light Carrier
Panzergrenadier Squad
Construct Light Support Kompanie
Assault Grenadier Squad
Selects Sound the Alarm
Fire Support Elements
Advanced Field Repairs
Flakvierling Half-track
Selects Territory Booby Traps
Panzergrenadier Squad
Panzergrenadier Squad
Construct Mechanized Kompanie
MG34 Team
Support Armor Elements
Selects Guastatori Squad
Selects L6/40 Light Tank Combat Group
Marder III Tank Destroyer
Marder III Tank Destroyer
8 Rad Armored Car
Panzerpioneer Squad
Combat Half-tracks
Pak 38 Mechanized Group
Construct Panzerarmee Kommand
Vehicle Survival Package
Selects Towed Cannone da 105/28 Field Howitzer
Panzer III L Medium Tank
StuG III D Assault Gun
Guastatori Squad
Guastatori Squad
Panzer III L Medium Tank
Marder III Tank Destroyer
Selects Obice 305mm Barrage
Panzer III L Medium Tank
Panzer III L Medium Tank
Marder III Tank Destroyer
Marder III Tank Destroyer
Panzergrenadier Squad
Panzer III L Medium Tank
Pak 38 Anti-tank Gun Team
Selects Italian Infantry
Selects Italian Infantry
CPU - Experto
CPU - Experto
CPU - Experto
Mavericks
Eber
Ξ Fignaldo
0
0

Comments sign in to comment!

No comments posted yet!